 Dungeon Crawl Stone Soup version 0.28-a0-819-g6ef7baa362 (webtiles) character file.

Game seed: 15769517419893315537

927 bande the Chopper (level 8, -5/50 HPs)
             Began as a Gargoyle Fighter on Nov 9, 2021.
             Slain by an ogre (12 damage)
             ... on level 5 of the Dungeon.
             The game lasted 00:07:56 (5604 turns).

bande the Chopper (Gargoyle Fighter)                Turns: 5604, Time: 00:07:56

Health: -5/50      AC: 19    Str: 20    XL:     8   Next: 10%
Magic:  8/8        EV:  7    Int: 10    God:
Gold:   144        SH:  8    Dex: 10    Spells: 7/7 levels left

rFire   . . .      SeeInvis .   a - +1 war axe
rCold   . . .      Faith    .   c - +0 buckler
rNeg    + . .      Spirit   .   m - +0 chain mail
rPois   ∞          Reflect  .   h - +2 hat {Will+}
rElec   +          Harm     .   (no cloak)
rCorr   .          Rampage  .   (no gloves)
Will    +....      Rnd*Tele +   i - +1 pair of boots
Stlth   ..........              (no amulet)
HPRegen 0.16/turn               (no ring)
MPRegen 0.11/turn               (no ring)

@: no status effects
A: sickness immunity, AC +5, negative energy resistance 1, electricity
resistance, torment resistance 1, petrification resistance, large bone plates 1,
teleportitis 1
a: no special abilities


You were on level 5 of the Dungeon.
You visited 1 branch of the dungeon, and saw 5 of its levels.

You collected 144 gold pieces.

Inventory:

Hand Weapons
 a - a +1 war axe (weapon)
 f - a +0 vorpal mace
Armour
 c - a +0 buckler (worn)
 e - a +0 helmet
 h - a +2 hat of willpower (worn)
 i - a +1 pair of boots (worn)
 m - a +0 chain mail (worn)
Scrolls
 l - 2 scrolls of fog
 o - a scroll of identify
 p - a scroll of teleportation
Potions
 b - 2 potions of haste {unknown}
 d - 2 potions of might
 g - a potion of berserk rage
 j - a potion of ambrosia
 k - 3 potions of curing
 n - a potion of flight {unknown}


   Skills:
 + Level 5.4 Fighting
 + Level 6.0 Axes
 + Level 5.5 Armour
 + Level 4.6 Shields


You had 7 spell levels left.
You didn't know any spells.
Your spell library contained the following spells:

 Spells                   Type           Power      Damage    Failure   Level
 Sandblast                Erth           0%         2d4       98%         1
 Passwall                 Tmut/Erth      0%         N/A       99%         2
 Ozocubu's Armour         Ice            0%         N/A       100%        3
 Stone Arrow              Conj/Erth      0%         3d7       100%        3
 Metabolic Englaciation   Hex/Ice        0%         N/A       100%        5
 Simulacrum               Ice/Necr       0%         N/A       100%        6


Dungeon Overview and Level Annotations

Branches:
Dungeon (5/15)
 Temple: D:4-7

Altars:
Cheibriados
Nemelex Xobeh


Innate Abilities, Weirdness & Mutations

You are immune to sickness and miasma.
Your stone body is resilient. (AC +5)
You are immune to poison.
You resist negative energy. (rN+)
You are resistant to electric shocks. (rElec)
You are resistant to unholy torment.
You are immune to petrification.
You are partially covered in large bone plates. (SH +4)
You are occasionally teleported next to monsters.


Message History

No target in view!
You open the door.
Found a potion of lignification.
There is an open door here.
You open the door.
There is an open door here.
An ogre comes into view. It is wielding a +0 giant club.
The ogre shouts!
The ogre hits you with a +0 giant club!!
You hit the ogre.
The ogre is lightly wounded.
The ogre completely misses you.
You barely miss the ogre.
The ogre is lightly wounded.
The ogre hits you with a +0 giant club.
You are too injured to fight recklessly!
You are too injured to fight recklessly!
You are too injured to fight recklessly!
You are too injured to fight recklessly!
You are too injured to fight recklessly!
You are too injured to fight recklessly!
You barely miss the ogre.
The ogre is lightly wounded.
The ogre hits you with a +0 giant club!
You hit the ogre.
The ogre is moderately wounded.
The ogre hits you with a +0 giant club!
* * * LOW HITPOINT WARNING * * *
You barely miss the ogre.
The ogre is moderately wounded.
You block the ogre's attack.
You barely miss the ogre.
The ogre is moderately wounded.
You barely miss the ogre.
The ogre is moderately wounded.
You block the ogre's attack.
You hit the ogre.
The ogre is moderately wounded.
The ogre hits you with a +0 giant club!
You die...

*,,,,,,,#.......#...
*,,,,,,,#.......#...
*,,,,,,,#.......#...
#+####*,#.......#...
#....##+###.....#..)
#.........#.....#...
#.........#.....#...
#..O......#.....'...
#..@......#.....#...
#...###...#.....#+##
#...#**,,,#.........
#...#,,,,,#.........
#...#,,,,,#.........
#...#,,,,,#.........
#'#########.........
#...##........######
#....+........#>....


You could see an ogre.

Vanquished Creatures
  A necrophage (D:5)
  An ogre (D:5)
  A phantom (D:5)
  3 scorpions (D:5)
  2 water moccasin skeletons (D:4)
  3 hounds (D:5)
  A jelly (D:4)
  A bullfrog skeleton (D:5)
  4 iguanas
  2 orc wizards (D:5)
  Robin (D:2)
  An ufetubus (D:5)
  6 worms
  4 orcs (D:5)
  3 bats (D:1)
  2 endoplasms
  4 giant cockroaches
  15 goblins
  11 hobgoblins
  5 jackals
  3 kobolds
  6 quokkas
  6 ball pythons
  3 frilled lizards
  3 rats
92 creatures vanquished.

Notes
Turn   | Place    | Note
-------+----------+-------------------------------------------
     0 | D:1      | bande the Gargoyle Fighter began the quest for the Orb.
     0 | D:1      | Reached XP level 1. HP: 14/14 MP: 1/1
    81 | D:1      | Reached XP level 2. HP: 18/19 MP: 2/2
   834 | D:1      | Reached XP level 3. HP: 24/24 MP: 3/3
  1827 | D:2      | Noticed Robin
  1840 | D:2      | Reached skill level 2 in Axes
  1844 | D:2      | Killed Robin
  2185 | D:2      | Reached XP level 4. HP: 27/29 MP: 4/4
  2972 | D:3      | Gained mutation: You are occasionally teleported next to
                  | monsters. [potion of mutation]
  2972 | D:3      | Gained mutation: You are partially covered in large bone
                  | plates. (SH +4) [potion of mutation]
  3549 | D:4      | Reached skill level 3 in Axes
  3549 | D:4      | Reached XP level 5. HP: 22/33 MP: 5/5
  3676 | D:4      | Found a sparkling altar of Nemelex Xobeh.
  4242 | D:4      | Reached XP level 6. HP: 37/39 MP: 6/6
  4261 | D:4      | Found a snail-covered altar of Cheibriados.
  4397 | D:5      | Entered Level 5 of the Dungeon
  4398 | D:5      | Identified a scroll of acquirement
  4398 | D:5      | Acquired a +2 hat of willpower
  4435 | D:5      | Reached skill level 4 in Axes
  4641 | D:5      | Reached XP level 7. HP: 39/44 MP: 7/7
  4645 | D:5      | Reached skill level 5 in Armour
  4847 | D:5      | Reached skill level 5 in Fighting
  4917 | D:5      | Reached skill level 5 in Axes
  5488 | D:5      | Reached XP level 8. HP: 49/49 MP: 8/8
  5582 | D:5      | Reached skill level 6 in Axes
  5604 | D:5      | Slain by an ogre

Illustrated notes

Levels and vault maps discovered:
D:1:      wheals_arrival_linesprint, layout_loops_corners
D:2:      layout_loops_cross, uniq_robin
D:3:      layout_basic
D:4:      layout_loops_ring, mainiacjoe_overflow_cross_hatched,
          chei_slow_surprise
D:5:      layout_gridville

Skill      XL: |  1  2  3  4  5  6  7  8 |
---------------+-------------------------+-----
Fighting       | 4 5 |  5.4
Axes           | 2 3 4 5 6 |  6.0
Armour         | 4 5 |  5.5
Shields        | 4 |  4.6

Action                   |  1- 3 |  4- 6 |  7- 9 || total
-------------------------+-------+-------+-------++-------
Melee: War axe           |   111 |   146 |   106 ||   363
  Use: Scroll            |     4 |    11 |     1 ||    16
       Potion            |       |     1 |       ||     1
Armor: Scale mail        |    89 |    73 |    29 ||   191
       Chain mail        |       |       |    39 ||    39
Dodge: Dodged            |    79 |    64 |    44 ||   187
Block: Buckler           |    23 |    56 |    53 ||   132

Table legend: (Time is in decaauts)
 A = Elapsed time spent in this place.
 B = Non-inter-level travel time spent in this place.
 C = Inter-level travel time spent in this place.
 D = Time resting spent in this place.
 E = Time spent auto-exploring this place.
 F = Levels seen in this place.
 G = Mean time per level.
                   A        B        C        D        E       F      G
               +--------+--------+--------+--------+--------+-----+--------+
         Total |   5727 |   5587 |    140 |    503 |   4108 |   5 | 1145.4 |
       Dungeon |   5727 |   5587 |    140 |    503 |   4108 |   5 | 1145.4 |
               +--------+--------+--------+--------+--------+-----+--------+

Top non-repeatable levels by time:
     D:1: 1728 daAuts
     D:5: 1238 daAuts
     D:4: 961 daAuts
     D:2: 958 daAuts
     D:3: 839 daAuts
